 Dungeon Crawl Stone Soup version 0.19.1 (webtiles) character file.

25498 Gargoyl the Cleaver (level 12, -16/107 HPs)
             Began as a Demonspawn Abyssal Knight on Nov 29, 2016.
             Was the Champion of Lugonu.
             Demolished by an enormous slime creature (38 damage)
             ... on level 13 of the Dungeon on Nov 30, 2016.
             The game lasted 00:41:45 (18038 turns).

Gargoyl the Cleaver (Demonspawn Abyssal Knight)    Turns: 18038, Time: 00:41:45

Health: -16/107    AC: 22    Str: 22    XL:     12   Next: 90%
Magic:  29/29      EV:  8    Int:  9    God:    Lugonu [******]
Gold:   258        SH:  5    Dex: 13    Spells: 0 memorised, 11 levels left

rFire  x . .     SeeInvis .     b - +4 war axe (chop)
rCold  + . .     Gourm    .     f - +1 plate armour
rNeg   + . .     Faith    .     z - +0 buckler
rPois  +         Spirit   .     (helmet restricted)
rElec  .         Reflect  .     (no cloak)
rCorr  .         Harm     .     L - +2 pair of gloves of Canyu {+Fly rF- Str+4 Slay+5}
MR     .....                    (boots unavailable)
Stlth  ..........               H - amulet of magic regeneration
                                v - ring of positive energy
                                t - ring of magical power

@: no status effects
A: antennae 1, claws 1, talons 3, rugged brown scales 3, cold resistance 1,
demonic guardian 2, dopey 2, nightstalker 1, poison resistance, robust 1, slow
regeneration 1
a: Depart the Abyss, Bend Space, Banish, Corrupt, Enter the Abyss, Brand Weapon
With Distortion, Renounce Religion, Evoke Flight


You were on level 13 of the Dungeon.
You worshipped Lugonu.
Lugonu was exalted by your worship.
You were hungry.

You visited 1 branch of the dungeon, and saw 13 of its levels.
You visited the Abyss 1 time.
You also visited: Sewer.

You collected 622 gold pieces.
You spent 364 gold pieces at shops.

Inventory:

Hand Weapons
 a - a +0 war axe of flaming
 b - a +4 war axe of chopping (weapon)
 d - a +1 war axe
Missiles
 n - 16 tomahawks (quivered)
Armour
 e - a +2 pair of gloves
 f - a +1 plate armour (worn)
 j - a +2 pair of boots
 z - a +0 buckler (worn)
 L - the +2 pair of gloves of Canyu (worn) {+Fly rF- Str+4 Slay+5}
   (You found it on level 10 of the Dungeon)

   It affects your strength (+4).
   It affects your accuracy and damage with ranged weapons and melee attacks
   (+5).
   It makes you vulnerable to fire.
   It lets you fly.
Jewellery
 t - a ring of magical power (left hand)
 v - a ring of positive energy (right hand)
 H - an amulet of magic regeneration (around neck)
Wands
 r - a wand of lightning (7/15)
 x - a wand of iceblast (6/15)
 B - a wand of digging (5/24)
 C - a wand of teleportation (3/9)
 E - a wand of teleportation (5/9)
 F - a wand of lightning (4/15)
 G - a wand of confusion (22/48)
 I - a wand of lightning (4/15)
 J - a wand of flame (14/48)
 O - a wand of slowing (26/48)
Scrolls
 g - a scroll of identify
 s - 3 scrolls of amnesia
 y - 5 scrolls of teleportation
 A - 3 scrolls of blinking
 D - a scroll of enchant armour
 N - 2 scrolls of magic mapping
Potions
 h - a potion of curing
 l - 2 potions of haste
 q - 2 potions of might
 u - 2 potions of lignification
 w - a potion of brilliance
 K - a potion of cancellation
Books
 M - a book of Unlife

   Spells                             Type                      Level
   a - Recall                         Summoning/Translocation      3
   b - Animate Dead                   Necromancy                   4
   c - Control Undead                 Necromancy                   4
   d - Cigotuvi's Embrace             Necromancy                   5
   e - Death Channel                  Necromancy                   6
   f - Simulacrum                     Ice/Necromancy               6
Comestibles
 c - 11 bread rations
 i - 7 meat rations
 m - 4 fruits
 o - 3 beef jerkies
 p - 4 slices of pizza


   Skills:
 + Level 8.1 Fighting
 + Level 12.2 Axes
 + Level 1.0 Throwing
 * Level 11.3 Armour
 + Level 1.7 Dodging
 + Level 3.6 Shields
 * Level 11.7 Invocations


You had 11 spell levels left.
You didn't know any spells.

Dungeon Overview and Level Annotations

Branches:
Dungeon (13/15)            Temple (0/1) D:5            Lair (0/6) D:8
    Orc (0/2) D:9
 Vaults: D:13-14

Altars:
Dithmenos
Fedhas
Kikubaaqudgha
Okawaru
Sif Muna
Xom
The Shining One

Shops:
D:5 !:!=*   D:6 ?


Innate Abilities, Weirdness & Mutations

You have claws for feet.
You are completely covered in rugged brown scales. (AC +3, +7% HP)
A demonic guardian rushes to your aid.
You are slightly more attuned to the shadows.
You have a pair of small antennae on your head.
You have sharp fingernails.
Your flesh is cold resistant. (rC+)
You are very dopey. (Int -4)
Your system is resistant to poisons. (rPois)
You are robust. (+10% HP)
You regenerate slowly when monsters are visible.


Message History

Your smoke demon hits the very large slime creature but does no damage.
Your smoke demon hits the very large slime creature.
Two slime creatures merge to form an enormous slime creature.
You completely miss the large slime creature.
Your kick misses the large slime creature.
The large slime creature is severely wounded.
You slice the enormous slime creature!!
The large slime creature burns!
The enormous slime creature burns!
The enormous slime creature stops burning.
The large slime creature hits you!!
The enormous slime creature hits you!!!!
Ouch! That really hurt!
* * * LOW HITPOINT WARNING * * *
Your smoke demon gestures at the enormous slime creature.
The enormous slime creature is smitten.
You hear a bark!
You feel much better.
The large slime creature burns!
The large slime creature stops burning.
A large slime creature splits.
The enormous slime creature hits you!!!
You die...

#.. #.. ####.. ......
......#######
......#JJ...#
.....JJ@....#
......#3....#
......#.....#
......#.....#
......#.....#
......#.....#
......#..####
####..##.############
#......#.........#...


You could see an enormous slime creature, 3 slime creatures and a friendly smoke
demon.

Vanquished Creatures
  Erica (D:9)
  5 hill giants
  2 unseen horrors
  2 ugly things (D:11)
  2 cyclopes
  A salamander (shapeshifter) (D:13)
  The ghost of humperndinck the Sneak, a novice MiAs (D:4)
  A komodo dragon (D:8)
  A kobold demonologist (D:12)
  2 freezing wraiths (D:11)
  2 trolls
  A two-headed ogre (D:9)
  A hippogriff (D:7)
  Prince Ribbit (D:9)
  A slime creature (D:8)
  A spriggan (D:9)
  8 yaks
  5 wraiths
  A basilisk (D:12)
  A hungry ghost (D:8)
  A steam dragon (D:11)
  2 mottled dragons (D:11)
  Duvessa (D:7)
  5 orc warriors
  6 ice beasts
  6 sky beasts
  Purgy (Sewer)
  2 slaves (D:8)
  2 black bears
  A necrophage (D:10)
  3 phantoms
  10 ogres
  2 wolves (D:9)
  19 centaurs
  4 big kobolds
  A wyvern zombie (D:12)
  4 bullfrogs
  A gnoll sergeant (D:9)
  Dowan (D:7)
  2 scorpions
  2 wyvern skeletons
  2 wights (D:8)
  7 killer bees
  4 howler monkeys
  A bullfrog zombie (D:12)
  4 crimson imps
  4 centaur zombies
  A quasit (D:10)
  2 gnoll shamans (D:4)
  3 hounds
  5 orc priests
  4 jellies
  4 bullfrog skeletons
  4 iguanas
  11 orc wizards
  Terence (D:2)
  7 worker ants
  2 hound zombies
  4 hound skeletons
  41 gnolls
  2 howler monkey skeletons
  16 adders
  8 river rats
  An adder zombie (D:6)
  An ooze (D:1)
  An adder skeleton (D:7)
  3 worms
  A dart slug (D:1)
  5 leopard geckos
  33 orcs
  4 ball pythons
  9 giant cockroaches
  12 goblins
  7 hobgoblins
  32 jackals
  5 quokkas
  10 bats
  3 frilled lizards
  25 kobolds
  2 leopard gecko skeletons
  2 quokka skeletons
  A quokka zombie (D:5)
  22 rats
432 creatures vanquished.

Vanquished Creatures (collateral kills)
  Snorg (D:12)
  An ettin (shapeshifter) (D:12)
  Josephine (D:12)
  A death knight (D:11)
  2 hill giants
  Pikel (D:8)
  A centaur skeleton (D:10)
  A freezing wraith (D:11)
  3 slime creatures
  A hippogriff (D:11)
  A shadow (D:11)
  A wraith (D:12)
  12 yaks
  A golden eye (shapeshifter) (D:12)
  Grum (D:9)
  2 slaves (D:8)
  5 ice beasts
  An ogre (D:7)
  2 wolves (D:9)
  A centaur (D:6)
  A bullfrog (D:8)
  A scorpion (D:6)
  3 killer bees (D:8)
  2 wights (D:8)
  2 howler monkeys (D:7)
  A crimson imp (D:8)
  A hound (D:8)
  A shadow imp (D:8)
  2 orcs (D:7)
54 creatures vanquished.

Vanquished Creatures (others)
  A human (D:2)
  A plant (D:8)
2 creatures vanquished.

Grand Total: 488 creatures vanquished

Notes
Turn   | Place    | Note
-------+----------+-------------------------------------------
     0 | Abyss:1  | Gargoyl the Demonspawn Abyssal Knight began the quest for the Orb.
     0 | Abyss:1  | Reached XP level 1. HP: 18/18 MP: 2/2
    57 | Abyss:1  | Noticed a tentacled starspawn
    57 | Abyss:1  | Noticed a bone dragon
    59 | Abyss:1  | Noticed a raiju
    61 | D:1      | Escaped the Abyss
   221 | D:1      | Gained mutation: You are slightly more attuned to the shadows. [demonic ancestry]
   221 | D:1      | Reached XP level 2. HP: 21/24 MP: 4/4
   554 | D:1      | Reached * piety under Lugonu
   559 | D:1      | Reached skill level 2 in Axes
   703 | D:1      | Gained mutation: You are partially covered in rugged brown scales. (AC +1, +3% HP) [demonic ancestry]
   703 | D:1      | Reached XP level 3. HP: 24/29 MP: 5/5
  1229 | D:2      | Found a faded altar of an unknown god.
  1478 | D:2      | Noticed Terence
  1490 | D:2      | Reached XP level 4. HP: 24/36 MP: 6/6
  1501 | D:2      | Killed Terence
  1629 | D:2      | Reached skill level 1 in Dodging
  1659 | D:2      | Found a glowing golden altar of the Shining One.
  1659 | D:2      | Found an iron altar of Okawaru.
  1913 | D:2      | Found an ancient bone altar of Kikubaaqudgha.
  1914 | D:2      | Noticed a human
  1916 | D:2      | Killed a human
  2389 | D:3      | Found a glowing drain.
  2398 | D:3      | Gained mutation: You are mostly covered in rugged brown scales. (AC +2, +5% HP) [demonic ancestry]
  2398 | D:3      | Reached XP level 5. HP: 38/44 MP: 7/7
  2417 | Sewer    | Entered a sewer
  2439 | Sewer    | Reached ** piety under Lugonu
  2439 | Sewer    | Reached skill level 3 in Axes
  2485 | Sewer    | Noticed Purgy
  2507 | Sewer    | Killed Purgy
  2794 | D:3      | Gained mutation: You are completely covered in rugged brown scales. (AC +3, +7% HP) [demonic ancestry]
  2794 | D:3      | Reached XP level 6. HP: 44/51 MP: 8/8
  2818 | D:3      | Found a blossoming altar of Fedhas.
  3178 | D:4      | Found an iron altar of Okawaru.
  3502 | D:4      | Reached skill level 4 in Axes
  3832 | D:4      | Gained mutation: You have sharp toenails. [demonic ancestry]
  3832 | D:4      | Reached XP level 7. HP: 57/57 MP: 10/10
  4206 | D:4      | Noticed humperndinck's ghost (novice MiAs)
  4260 | D:4      | Killed humperndinck's ghost
  4260 | D:4      | Reached skill level 5 in Axes
  4260 | D:4      | Reached skill level 5 in Armour
  4517 | D:4      | Reached *** piety under Lugonu
  4522 | D:4      | Reached skill level 5 in Invocations
  4527 | D:4      | Reached XP level 8. HP: 38/65 MP: 11/11
  5951 | D:5      | Entered Level 5 of the Dungeon
  5951 | D:5      | Found Vourey's Distillery.
  5967 | D:5      | Bought a potion of heal wounds for 50 gold pieces
  5975 | D:5      | Found a staircase to the Ecumenical Temple.
  5983 | D:5      | Reached skill level 6 in Axes
  6012 | D:5      | Found Qecokezuna's Jewellery Boutique.
  6052 | D:5      | Found Qeprebel's Book Emporium.
  6272 | D:5      | Bought an uncursed ring of positive energy for 240 gold pieces
  6326 | D:5      | Reached **** piety under Lugonu
  6522 | D:5      | You fall through a shaft for 2 floors!
  6919 | D:6      | Reached skill level 5 in Fighting
  6919 | D:6      | Gained mutation: A weak demonic guardian rushes to your aid. [demonic ancestry]
  6919 | D:6      | Reached XP level 9. HP: 59/72 MP: 13/13
  7108 | D:6      | Reached skill level 7 in Axes
  7331 | D:6      | Found a deep blue altar of Sif Muna.
  7512 | D:6      | Found Gurch's Magic Scroll Emporium.
  7958 | D:7      | Gained mutation: Armour fits poorly on your strangely shaped body. [mutagenic meat]
  7959 | D:7      | Gained mutation: You have a pair of small antennae on your head. [mutagenic meat]
  7961 | D:7      | Gained mutation: You are robust. (+10% HP) [mutagenic meat]
  7962 | D:7      | Lost mutation: Armour fits poorly on your strangely shaped body. [mutagenic meat]
  7963 | D:7      | Gained mutation: Your spells are a little harder to cast, but a little more powerful. [mutagenic meat]
  8290 | D:7      | Reached ***** piety under Lugonu
  8331 | D:7      | Noticed Dowan
  8332 | D:7      | Noticed Duvessa
  8338 | D:7      | Killed Duvessa
  8338 | D:7      | Reached skill level 8 in Axes
  8350 | D:7      | Killed Dowan
  9034 | D:7      | Noticed a cyclops
  9052 | D:7      | Killed a cyclops
  9052 | D:7      | Gained mutation: A demonic guardian rushes to your aid. [demonic ancestry]
  9052 | D:7      | Reached XP level 10. HP: 47/86 MP: 15/15
  9498 | D:8      | Found an iron altar of Okawaru.
  9520 | D:8      | Found a staircase to the Lair.
  9531 | D:8      | Reached skill level 9 in Axes
 10058 | D:8      | Gained mutation: Armour fits poorly on your strangely shaped body. [mutagenic meat]
 10059 | D:8      | Gained mutation: You are very robust. (+20% HP) [mutagenic meat]
 10060 | D:8      | Lost mutation: Your spells are a little harder to cast, but a little more powerful. [mutagenic meat]
 10061 | D:8      | Gained mutation: You tend to lose your temper in combat. [mutagenic meat]
 10088 | D:8      | Noticed a hill giant
 10095 | D:8      | Killed a hill giant
 10095 | D:8      | Reached skill level 1 in Shields
 10099 | D:8      | Lost mutation: You tend to lose your temper in combat. [potion of mutation]
 10099 | D:8      | Gained mutation: Your system is resistant to poisons. (rPois) [potion of mutation]
 10099 | D:8      | Gained mutation: Your body sometimes deteriorates upon taking damage. [potion of mutation]
 10976 | D:5      | Found Izarghi's Distillery.
 11011 | D:5      | Bought a potion of mutation for 35 gold pieces
 11011 | D:5      | Lost mutation: You are very robust. (+20% HP) [potion of mutation]
 11011 | D:5      | Gained mutation: Your magical capacity is low. (-10% MP) [potion of mutation]
 11011 | D:5      | Lost mutation: Your magical capacity is low. (-10% MP) [potion of mutation]
 11118 | D:5      | Found Unuol's General Store.
 11136 | D:5      | Bought a scroll of teleportation for 39 gold pieces
 11155 | D:5      | Found a shadowy altar of Dithmenos.
 11337 | D:8      | Noticed Pikel
 11346 | D:8      | Killed Pikel
 11611 | D:8      | Gained mutation: You are dopey. (Int -2) [mutagenic meat]
 11613 | D:8      | Lost mutation: You are dopey. (Int -2) [mutagenic meat]
 11615 | D:8      | Gained mutation: Your flesh is cold resistant. (rC+) [mutagenic meat]
 11747 | D:9      | Noticed Prince Ribbit
 11753 | D:9      | Killed Prince Ribbit
 11970 | D:9      | Found a staircase to the Orcish Mines.
 12171 | D:9      | Reached skill level 10 in Axes
 12466 | D:9      | Gained mutation: You have razor-sharp toenails. [demonic ancestry]
 12466 | D:9      | Reached XP level 11. HP: 88/94 MP: 17/17
 12540 | D:9      | Noticed Erica
 12561 | D:9      | Killed Erica
 12865 | D:9      | Gained mutation: You are dopey. (Int -2) [mutagenic meat]
 12866 | D:9      | Gained mutation: You regenerate slowly when monsters are visible. [mutagenic meat]
 12867 | D:9      | Gained mutation: Your spells are a little easier to cast, but a little less powerful. [mutagenic meat]
 12868 | D:9      | Gained mutation: You have claws for feet. [mutagenic meat]
 12966 | D:9      | Noticed Grum
 12976 | D:9      | Killed Grum
 13152 | D:9      | Reached ****** piety under Lugonu
 13305 | D:10     | Entered Level 10 of the Dungeon
 13371 | D:10     | Gained mutation: You are very dopey. (Int -4) [mutagenic meat]
 13373 | D:10     | Gained mutation: You have sharp fingernails. [mutagenic meat]
 13465 | D:10     | Killed an unseen horror
 13487 | D:10     | Reached skill level 10 in Invocations
 13572 | D:10     | Got a pair of spiked gloves
 13574 | D:10     | Identified the +2 pair of gloves of Canyu {+Fly rF- Str+4 Slay+5} (You found it on level 10 of the Dungeon)
 14044 | D:11     | Noticed a hill giant
 14055 | D:11     | Killed a hill giant
 14318 | D:11     | Noticed a hill giant
 14322 | D:11     | Killed a hill giant
 14322 | D:11     | Reached skill level 11 in Axes
 14364 | D:11     | Noticed a hill giant
 14370 | D:11     | Killed a hill giant
 14370 | D:11     | Reached skill level 10 in Armour
 14675 | D:11     | Noticed a death knight
 14684 | D:11     | Killed a death knight
 14684 | D:11     | Mutation became permanent: You have claws for feet. [demonic ancestry]
 14684 | D:11     | Reached XP level 12. HP: 11/106 MP: 20/20
 16634 | D:12     | Noticed Snorg
 16684 | D:12     | Killed Snorg
 16684 | D:12     | Reached skill level 1 in Throwing
 17053 | D:12     | Found a shimmering altar of Xom.
 17057 | D:12     | Found a shimmering altar of Xom.
 17057 | D:12     | Found a shimmering altar of Xom.
 17057 | D:12     | Found a shimmering altar of Xom.
 17058 | D:12     | Found a shimmering altar of Xom.
 17416 | D:12     | Reached skill level 12 in Axes
 17429 | D:12     | Lost mutation: Armour fits poorly on your strangely shaped body. [potion of cure mutation]
 17429 | D:12     | Lost mutation: Your body sometimes deteriorates upon taking damage. [potion of cure mutation]
 17429 | D:12     | Lost mutation: Your spells are a little easier to cast, but a little less powerful. [potion of cure mutation]
 17455 | D:12     | Noticed Josephine
 17461 | D:12     | Killed Josephine
 17850 | D:12     | Noticed an ettin
 17868 | D:12     | Killed an ettin
 18037 | D:13     | HP: 4/107 [enormous slime creature (76)]
 18038 | D:13     | Demolished by an enormous slime creature

Skill      XL: |  1  2  3  4  5  6  7  8  9 10 11 12 |
---------------+-------------------------------------+-----
Armour         | 2 3 4 5 6 8 9 10 11 | 11.3
Invocations    | 3 4 5 6 7 9 10 11 | 11.7
Axes           | 2 3 4 5 6 8 10 11 12 | 12.2
Dodging        | 1 |  1.7
Fighting       | 4 5 6 7 8 |  8.1
Shields        | 1 2 3 |  3.6
Throwing       | 1 |  1.0

Action                   |  1- 3 |  4- 6 |  7- 9 | 10-12 || total
-------------------------+-------+-------+-------+-------++-------
Melee: Hand axe          |   165 |   228 |    17 |       ||   410
       War axe           |       |       |   520 |   550 ||  1070
       Kick              |       |       |       |   124 ||   124
Throw: Tomahawk          |       |     4 |     2 |     6 ||    12
Invok: Depart the Abyss  |     1 |       |       |       ||     1
Evoke: Wand              |       |       |       |     1 ||     1
  Use: Scroll            |     4 |    10 |     7 |    17 ||    38
       Potion            |       |     4 |       |    10 ||    14
 Stab: Distracted        |       |       |     1 |     1 ||     2
  Eat: Chunk             |     1 |     9 |    19 |    48 ||    77
       Bread ration      |       |       |     1 |       ||     1
       Beef jerky        |       |       |       |     1 ||     1
Armor: Plate armour      |   209 |   236 |   617 |   447 ||  1509
       Skin              |       |     3 |       |       ||     3
Dodge: Dodged            |    39 |    61 |   224 |   187 ||   511
Block: Buckler           |       |       |    17 |   121 ||   138
